 Dungeon Crawl Stone Soup version 0.15-a0-55-g79b3258 (webtiles) character file.

143 ProjectEKO the Skirmisher (level 3, 6/29 HPs)
             Began as a Formicid Abyssal Knight on Apr 4, 2014.
             Was a Believer of Lugonu.
             Quit the game on Level 2 of the Dungeon.
             The game lasted 00:03:01 (1395 turns).

ProjectEKO the Skirmisher (Formicid Abyssal Knight) Turns: 1395, Time: 00:03:01

HP   6/29        AC  3     Str 16      XL: 3   Next: 80%
MP   5/5         EV 10     Int 11      God: Lugonu [**....]
Gold 101         SH  6     Dex 11      Spells:  0 memorised,  2 levels left

rFire  . . .     SeeInvis +     i - +1,+2 whip (elec)
rCold  . . .     Clarity  .     b - +0 leather armour
rNeg   . . .     Conserve .     k - +0 buckler
rPois  .         rCorr    .     (helmet unavailable)
rElec  .         rRot     .     (no cloak)
SustAb . .       Spirit   .     (no gloves)
rMut   .         Warding  .     (no boots)
Saprov . . .     Stasis   +     (no amulet)
MR     .....                    (no ring)
                                (no ring)

@: lethally poisoned, not resistant to hostile enchantments, very unstealthy
A: permanent stasis, dig shafts and tunnels, four strong arms, antennae 3
a: Dig, Shaft Self, Depart the Abyss, Bend Space, Renounce Religion


You were on level 2 of the Dungeon.
You worshipped Lugonu.
Lugonu was pleased with you.
You were hungry.

You visited 1 branch of the dungeon, and saw 2 of its levels.
You visited the Abyss 1 time.

You collected 101 gold pieces.

Inventory:

Hand weapons
 a - a +1,+1 falchion
 i - a +1,+2 whip of electrocution (weapon)
Armour
 b - a +0 leather armour (worn)
 k - a +0 buckler (worn)
Comestibles
 c - a bread ration
 r - 2 chunks of hobgoblin flesh
Scrolls
 d - 3 scrolls of identify {unknown}
 h - a scroll of magic mapping {unknown}
 l - a scroll of remove curse {unknown}
 m - a scroll of amnesia {unknown}
 n - a scroll of random uselessness {unknown}
 o - a scroll of immolation {unknown}
 p - a scroll of blinking {unknown}
 q - a scroll of noise {unknown}
Jewellery
 f - an uncursed ring of magical power {unknown}
 g - a cursed ring of teleportation {unknown}
 j - a +3 ring of intelligence {unknown}
Potions
 e - a potion of invisibility


   Skills:
 + Level 3.5 Fighting
 - Level 2.2 Long Blades
 + Level 0.6 Maces & Flails
 + Level 2.6 Armour
 + Level 1.6 Dodging
 + Level 2.7 Invocations


You had 2 spell levels left.
You didn't know any spells.

Dungeon Overview and Level Annotations

Branches:
Dungeon (2/15)

Altars:


Innate Abilities, Weirdness & Mutations

Your are under a permanent stasis effect.
You can dig through walls and to a lower floor.
Your four strong arms can wield two-handed weapons with a shield.
You have a pair of large antennae on your head (SInv).


Message History

You barely miss the adder.
You are feeling hungry.
The adder bites you.
You closely miss the adder. The adder closely misses you. The adder bites you.
* * * LOW HITPOINT WARNING * * *
You closely miss the adder.
You feel sick. The adder completely misses you.
You closely miss the adder. The adder bites you.
* * * LOW HITPOINT WARNING * * *
You closely miss the adder. The adder bites you but does no damage.
You block the adder's attack.
You closely miss the adder.
You feel sick. The adder bites you.
* * * LOW HITPOINT WARNING * * *
The adder bites you.
* * * LOW HITPOINT WARNING * * *
You are lethally poisoned!
The adder poisons you!
You closely miss the adder. You block the adder's attack.
Drink which item? (? for menu, Esc to quit)
Okay, then.
Are you sure you want to abandon this character and quit the game? (Confirm with "yes".)

.... #...... ..#
.....#. ..# .....#..
..# ......... ..#
#r....... ..#
#........ ##### #....#
....# #########...#
###.### #......@Sr..#
###...####.###########
......#.....)......#
###...#.##.#######.#
#####.##.....# #.#
#.######.# #.# #.# #.#
#.# #.######.# #.###
#...<....# #...#


You could see an adder and a rat.

Vanquished Creatures
  2 adders (D:2)
  An ooze (D:1)
  2 bats (D:1)
  2 giant cockroaches (D:1)
  4 goblins
  2 hobgoblins (D:2)
  A giant gecko (D:1)
  3 giant newts
  4 kobolds (D:1)
  3 rats
24 creatures vanquished.

Notes
Turn   | Place    | Note
--------------------------------------------------------------
     0 | Abyss:1  | ProjectEKO, the Formicid Abyssal Knight, began the quest for the Orb.
     0 | Abyss:1  | Reached XP level 1. HP: 18/18 MP: 1/1
    59 | Abyss:1  | Noticed a neqoxec
    60 | D:1      | Escaped the Abyss
    61 | D:1      | Reached skill level 1 in Dodging
    72 | D:1      | Acquired Lugonu's first power
   289 | D:1      | Reached XP level 2. HP: 6/24 MP: 3/3
   938 | D:2      | Reached XP level 3. HP: 19/29 MP: 5/5
  1018 | D:2      | Acquired Lugonu's second power
  1395 | D:2      | Quit the game

Action                   || total
-------------------------++-------
Melee: Falchion          ||    22
       Whip              ||    54
Invok: Depart the Abyss  ||     1
  Use: Potion            ||     7
 Stab: Sleeping          ||     1
       Invisible         ||     2
